 Dungeon Crawl Stone Soup version 0.29.1-15-g9cfb28693d (webtiles) character file.

Game seed: 8977910926961804371

890 ANNNA the Magician (level 7, 0/52 HPs)
             Began as a Grey Draconian Ice Elementalist on Mar 24, 2023.
             Slain by Menkaure (11 damage)
             ... on level 4 of the Dungeon.
             The game lasted 00:23:47 (6288 turns).

ANNNA the Magician (DrIE)                           Turns: 6288, Time: 00:23:48

Health: 0/52       AC: 18    Str: 12    XL:     7   Next: 77%
Magic:  8/16       EV: 12    Int: 16    God:
Gold:   224        SH:  0    Dex: 11    Spells: 9/18 levels left

rFire   . . .      SeeInvis .   A - +4 scythe
rCold   . . .      Faith    .   (shield currently unavailable)
rNeg    . . .      Spirit   .   (body armour unavailable)
rPois   .          Reflect  .   (helmet restricted)
rElec   .          Harm     .   (no cloak)
rCorr   .          Rampage  .   (no gloves)
Will    .....                   i - +0 pair of boots
Stlth   ++........              (no amulet)
HPRegen 0.17/turn               (no ring)
MPRegen 0.15/turn               (no ring)

@: ice-armoured, freezing walls, very slightly contaminated
A: AC +11, amphibious, unfitting armour, cold-blooded
a: no special abilities


You were on level 4 of the Dungeon.
You visited 1 branch of the dungeon, and saw 4 of its levels.

You collected 224 gold pieces.

Inventory:

Hand Weapons
 n - a +0 trident
 A - a +4 scythe (weapon)
Missiles
 c - 5 boomerangs
 k - 51 stones
 p - 4 poisoned darts
Armour
 i - a +0 pair of boots (worn)
Wands
 h - a wand of light (14)
 v - a wand of polymorph (3)
Scrolls
 d - 5 scrolls of identify {unknown}
 e - a scroll of fear {unknown}
 f - a scroll of immolation {unknown}
 g - a scroll of magic mapping {unknown}
 j - 3 scrolls of enchant weapon {unknown}
 l - 3 scrolls of teleportation {unknown}
 m - a scroll of acquirement {unknown}
 r - 3 scrolls of summoning {unknown}
 u - a scroll of fog {unknown}
 w - a scroll of amnesia {unknown}
 x - a scroll of enchant armour {unknown}
 y - a scroll of vulnerability {unknown}
 B - a scroll of torment {unknown}
Potions
 a - a potion of magic
 b - 2 potions of curing
 o - 2 potions of mutation {unknown}
 q - a potion of attraction {unknown}
 s - 2 potions of might {unknown}
 t - a potion of degeneration {unknown}
 z - a potion of flight {unknown}
 C - a potion of lignification {unknown}


   Skills:
 + Level 1.3 Fighting
 + Level 1.2 Short Blades
 + Level 1.5 Polearms
 + Level 0.3 Throwing
 + Level 2.9 Dodging
 + Level 2.6 Stealth
 + Level 0.2 Unarmed Combat
 * Level 6.0 Spellcasting
 + Level 5.8 Ice Magic


You had 9 spell levels left.
You knew the following spells:

 Your Spells              Type           Power      Damage    Failure   Level
a - Freeze                Ice            92%        1d10      1%          1
b - Frozen Ramparts       Ice            46%        1d7       3%          3
c - Ozocubu's Armour      Ice            23%        N/A       3%          3
d - Searing Ray           Conj           10%        2d4       21%         2

Your spell library contained the following spells:

 Spells                   Type           Power      Damage    Failure   Level
 Magic Dart               Conj           20%        1d4       13%         1
 Hailstorm                Conj/Ice       14%        3d5       38%         4
 Fulminant Prism          Conj/Hex       2%         3d6       80%         4


Dungeon Overview and Level Annotations

Branches:
Dungeon (4/15)
 Temple: D:4-7

Altars:

Shops:
D:3 [   D:4 :

Annotations:
D:4 Menkaure


Innate Abilities, Weirdness & Mutations

Your dull iron-grey scales are very hard. (AC +11)
You are amphibious.
You cannot fit into any form of body armour.
You are cold-blooded and may be slowed by cold attacks.


Message History

You climb downwards.
Level annotation: Menkaure
There is a stone staircase leading up here.
There is an open door here.
There is an open door here.
There is a stone staircase leading up here.
Menkaure mumbles some strange words.
Menkaure seems to speed up.
Casting: Freeze (safe; 1% risk of failure)
Confirm with . or Enter, or press ? or * to list all spells.
Casting: Frozen Ramparts (dangerous; 3% risk of failure)
Press: ? - help, Dir - look around, f - activate The walls around you are covered in ice.
The wall freezes Menkaure but does no damage.
Casting: Frozen Ramparts (dangerous; 3% risk of failure)
Confirm with . or Enter, or press ? or * to list all spells.
A film of ice covers your body!
Menkaure completely resists.
The wall freezes Menkaure but does no damage.
Menkaure calls on the powers of darkness!
Your body is wracked with pain!
Casting: Ozocubu's Armour (dangerous; 3% risk of failure)
Confirm with . or Enter, or press ? or * to list all spells.
Aiming: Searing Ray (safe; 21% risk of failure)
Press: ? - help, Shift-Dir - straight line, f - Menkaure
Aim: Menkaure (fast, 88% to hit)
You miscast Searing Ray.
You are very lightly contaminated with residual magic.
Nothing appears to happen.
Menkaure resists.
The wall freezes Menkaure.
Menkaure hits you!
Menkaure resists.
The wall freezes Menkaure.
Menkaure closely misses you.
Menkaure completely resists.
The wall freezes Menkaure but does no damage.
Menkaure hits you but does no damage.
Menkaure resists.
The wall freezes Menkaure.
Menkaure hits you!
* * * LOW HITPOINT WARNING * * *
Menkaure completely resists.
The wall freezes Menkaure but does no damage.
Menkaure draws the symbol "Udjat" in the dust.
Menkaure hits you!
You die...

.......#...........>.#
......##......##.....#
......##......##.....#
......##.......#.....#
......##.......#.....#
.......#.......#.....#
<......'.......'[..>.#
......##########M....#
......##......##@....#
......##......##.....#
.....................#
.....................#
.....................#
..................<..#
########.............#
#)............#
#......##.....#


You could see Menkaure (fast).

Vanquished Creatures
  Sigmund (D:4)
  Eustachio (D:4)
  2 bullfrogs (D:4)
  Blork the orc (D:4)
  An orc priest (D:4)
  A hound (D:3)
  Jessica (D:2)
  Terence (D:3)
  Natasha (thrice) (D:2)
  An iguana (D:4)
  2 orc wizards
  Robin (D:2)
  5 adders
  3 worms (D:2)
  A dart slug (D:3)
  6 orcs
  5 endoplasms
  4 giant cockroaches
  11 goblins
  6 hobgoblins
  8 jackals
  6 kobolds
  7 quokkas
  2 ball pythons
  4 bats
  4 frilled lizards
  4 rats
92 creatures vanquished.

Notes
Turn   | Place    | Note
-------+----------+-------------------------------------------
     0 | D:1      | ANNNA the Draconian Ice Elementalist began the quest for
                  | the Orb.
     0 | D:1      | Reached XP level 1. HP: 14/14 MP: 3/3
   305 | D:1      | Reached XP level 2. HP: 13/20 MP: 3/5
  1217 | D:2      | Found a faded altar of an unknown god.
  1226 | D:2      | Reached XP level 3. HP: 23/26 MP: 4/6
  1230 | D:2      | Learned a level 3 spell: Frozen Ramparts
  1377 | D:2      | Noticed Jessica
  1384 | D:2      | Killed Jessica
  1482 | D:2      | Reached XP level 4. HP: 34/34 MP: 3/7
  1491 | D:2      | Learned a level 3 spell: Ozocubu's Armour
  1603 | D:2      | Noticed Natasha
  1610 | D:2      | Killed Natasha
  1611 | D:2      | Reached skill level 1 in Short Blades
  1778 | D:2      | Reached skill level 3 in Spellcasting
  2427 | D:2      | Noticed Robin
  2431 | D:2      | Reached XP level 5. HP: 39/39 MP: 2/9
  2437 | D:2      | Killed Robin
  2567 | D:2      | Noticed Natasha
  2581 | D:2      | Killed Natasha
  2674 | D:2      | Noticed Natasha
  2685 | D:2      | Killed Natasha
  2686 | D:2      | Reached skill level 5 in Ice Magic
  2825 | D:3      | Found Seeviawk's Armour Shop.
  2910 | D:3      | Noticed Terence
  3092 | D:3      | Learned a level 2 spell: Searing Ray
  3254 | D:3      | Reached skill level 1 in Polearms
  3898 | D:4      | Reached skill level 1 in Fighting
  3898 | D:4      | Reached skill level 4 in Spellcasting
  3898 | D:4      | Reached XP level 6. HP: 36/47 MP: 6/12
  3980 | D:4      | Noticed Blork the orc
  4119 | D:3      | Killed Terence
  4373 | D:4      | Noticed Menkaure
  4573 | D:4      | Noticed Edmund
  4603 | D:4      | Noticed Edmund
  4603 | D:4      | Edmund changed into Edmund the bullfrog
  4606 | D:4      | Killed Edmund the bullfrog
  4913 | D:4      | Noticed Sigmund
  4935 | D:4      | Killed Blork the orc
  4936 | D:4      | Your scales start taking on a dull iron-grey colour.
  4936 | D:4      | Reached XP level 7. HP: 52/52 MP: 3/14
  5426 | D:4      | Noticed Eustachio
  5742 | D:4      | Killed Eustachio
  5743 | D:4      | Reached skill level 5 in Spellcasting
  5770 | D:4      | Found Goudduad's Book Shop.
  5899 | D:4      | Killed Sigmund
  6016 | D:4      | Reached skill level 6 in Spellcasting
  6288 | D:4      | Slain by Menkaure

Illustrated notes

Levels and vault maps discovered:
D:1:      spicycebolla_arrival_xxxplode, layout_loops_cross
D:2:      layout_basic, nicolae_ecumenical_pavilion, uniq_robin, uniq_jessica,
          uniq_natasha
D:3:      layout_loops_corners, serial_shops, nicolae_shop_stone, uniq_terence
D:4:      layout_gridville, serial_shops, shop, minmay_misc_feat_iff,
          sigmund_edmund_badplayer, uniq_menkaure, uniq_blork_the_orc,
          uniq_eustachio

Skill      XL: |  1  2  3  4  5  6  7 |
---------------+----------------------+-----
Stealth        | 2 |  2.6
Dodging        | 2 |  2.9
Short Blades   | 1 |  1.2
Spellcasting   | 3 4 6 |  6.0
Ice Magic      | 5 |  5.8
Polearms       | 1 |  1.5
Fighting       | 1 |  1.3
Throwing       | |  0.3
Unarmed Combat | |  0.2

Action                   |  1- 3 |  4- 6 |  7- 9 || total
-------------------------+-------+-------+-------++-------
Melee: Unarmed           |    10 |       |       ||    10
       Short sword       |    90 |       |       ||    90
       Punch             |     3 |     2 |       ||     5
       Tailslap          |    10 |    12 |     1 ||    23
       Trident           |     4 |   103 |    12 ||   119
       Halberd           |       |       |    13 ||    13
Throw: Stone             |     1 |       |     1 ||     2
       Dart              |       |     2 |     4 ||     6
 Cast: Freeze            |    17 |    24 |    14 ||    55
       Frozen Ramparts   |     2 |    14 |     7 ||    23
       Ozocubu's Armour  |       |    11 |     7 ||    18
       Searing Ray       |       |     4 |     5 ||     9
Evoke: Wand              |       |     1 |       ||     1
 Stab: Sleeping          |     1 |     3 |       ||     4
Armor: Skin              |    49 |    50 |    57 ||   156
Dodge: Dodged            |    93 |    96 |    71 ||   260
